 Dungeon Crawl Stone Soup version 0.31-a0-940-gdaa99269f9 (webtiles) character file.

Game seed: 16788997455402818665

231 zero the Magician (level 5, -9/28 HPs)
             Began as a Deep Elf Earth Elementalist on Oct 20, 2023.
             Killed from afar by Dowan (12 damage)
             ... with a puff of flame
             ... on level 4 of the Dungeon.
             The game lasted 00:02:59 (3030 turns).

zero the Magician (Deep Elf Earth Elementalist)     Turns: 3030, Time: 00:02:59

Health: -9/28      AC:  2    Str:  5    XL:     5   Next: 73%
Magic:  1/15       EV:  9    Int: 19    God:
Gold:   250        SH:  0    Dex: 15    Spells: 11/15 levels left

rFire   . . .        q - +6 whip of the Vestibule of Hell {drain, rElec rPois Int-3}
rCold   . . .        (no shield)
rNeg    . . .        a - +0 robe
rPois   +            (no helmet)
rElec   +            (no cloak)
rCorr   .            (no gloves)
SInv    .            (no boots)
Will    .....        (no amulet)
Stlth   ++           (no ring)
HPRegen 0.24/turn    (no ring)
MPRegen 0.14/turn

%: no passive effects
@: constricted
A: no striking features
a: no special abilities


You were on level 4 of the Dungeon.
You visited 1 branch of the dungeon, and saw 4 of its levels.

You collected 250 gold pieces.

Inventory:

Hand Weapons
 q - the +6 whip of the Vestibule of Hell (weapon) {drain, rElec rPois Int-3}
   (You found it on level 3 of the Dungeon)

   Int-3:     It affects your intelligence (-3).
   rElec:     It insulates you from electricity.
   rPois:     It protects you from poison
Armour
 a - a +0 robe (worn)
Magical Staves
 s - a staff of cold
Wands
 p - a wand of mindburst (16)
Scrolls
 d - 3 scrolls of teleportation {unknown}
 f - a scroll of poison {unknown}
 h - a scroll of torment {unknown}
 j - a scroll of amnesia {unknown}
 k - a scroll of revelation {unknown}
 l - a scroll of immolation {unknown}
 m - a scroll of butterflies {unknown}
 r - 4 scrolls of identify {unknown}
Potions
 b - a potion of magic
 c - a potion of curing {unknown}
 e - a potion of haste {unknown}
 g - a potion of mutation {unknown}
 i - 3 potions of brilliance {unknown}
 n - a potion of degeneration {unknown}
 o - a potion of might {unknown}


   Skills:
 - Level 2.4 Dodging
 - Level 2.4 Stealth
 * Level 5.9 Spellcasting
 * Level 3.0 Conjurations
 - Level 1.1 Transmutations
 + Level 4.6 Earth Magic


You had 11 spell levels left.
You knew the following spells:

 Your Spells              Type           Power      Damage    Failure   Level
a - Sandblast             Erth           46%        2d11      1%          1
b - Stone Arrow           Conj/Erth      40%        3d9       7%          3

Your spell library contained the following spells:

 Spells                   Type           Power      Damage    Failure   Level
 Passwall                 Tmut/Erth      13%        N/A       5%          2
 Brom's Barrelling Bould  Conj/Erth      20%        2d4       24%         4
 Petrify                  Tmut/Erth      16%        N/A       34%         4


Dungeon Overview and Level Annotations

Branches:
Dungeon (4/15)
 Temple: D:4-7

Altars:

Annotations:
D:4 exclusions: howler monkey and orc priest, Dowan, Duvessa


Message History

The stone arrow hits Duvessa!
Duvessa is severely wounded.
The ball python misses you. The ball python constricts you.
Duvessa hits you with a +0 rapier! The ball python bites you.
The ball python constricts you.
Casting: Stone Arrow (quite dangerous; 7% risk of failure)
Confirm with . or Enter, or press ? or * to list all spells.
Aiming: Stone Arrow (quite dangerous; 7% risk of failure)
Press: ? - help, Shift-Dir - straight line, f/p - Duvessa
Aim: Duvessa, wielding a +0 rapier and wearing a +0 ring mail (severely wounded, 79% to hit)
The stone arrow hits Duvessa!
Duvessa is severely wounded.
The ball python closely misses you. The ball python constricts you.
Duvessa closely misses you.
Casting: Stone Arrow (quite dangerous; 7% risk of failure)
Confirm with . or Enter, or press ? or * to list all spells.
You don't have enough magic to cast this spell.
Unknown command.
Casting: Stone Arrow (quite dangerous; 7% risk of failure)
Confirm with . or Enter, or press ? or * to list all spells.
Aiming: Sandblast (safe; 1% risk of failure)
Press: ? - help, Shift-Dir - straight line, f/p - Duvessa
Aim: Duvessa, wielding a +0 rapier and wearing a +0 ring mail (severely wounded, 87% to hit)
The blast of sand hits Duvessa.
Duvessa is almost dead.
The ball python bites you. The ball python constricts you.
Duvessa barely misses you. The ball python barely misses you.
The ball python constricts you.
Casting: Sandblast (safe; 1% risk of failure)
Confirm with . or Enter, or press ? or * to list all spells.
Aiming: Sandblast (safe; 1% risk of failure)
Press: ? - help, Shift-Dir - straight line, f/p - Duvessa
Aim: Duvessa, wielding a +0 rapier and wearing a +0 ring mail (almost dead, 87% to hit)
The blast of sand hits Duvessa but does no damage.
Duvessa is almost dead.
Duvessa hits you with a +0 rapier!
* * * LOW HITPOINT WARNING * * *
Dowan casts a spell at you. The puff of flame hits you!
You die...

########### .
....#.....## ...
...........## ...
............# h..
.......@....# ...
.e....Se....# oo ...
..........?.###. #o
... ......).........
#. ....
...........#....###.
... $.....)....####.
...###..
....#..###...## #.:#
#. ######.
#.#..######.###. #.
#.............#.


You could see Duvessa, Dowan and a ball python.

Vanquished Creatures
  A jelly (D:4)
  A sleepcap (D:4)
  An iguana (D:4)
  An orc wizard (D:3)
  5 adders
  A worm (D:3)
  7 orcs (D:3)
  8 ball pythons
  5 bats
  5 endoplasms
  A giant cockroach (D:1)
  4 goblins
  11 hobgoblins
  A quokka (D:2)
  8 kobolds
  4 rats
64 creatures vanquished.

Notes
Turn   | Place    | Note
-------+----------+-------------------------------------------
     0 | D:1      | zero the Deep Elf Earth Elementalist began the quest for
                  | the Orb.
     0 | D:1      | Reached XP level 1. HP: 10/10 MP: 6/6
   199 | D:1      | Reached XP level 2. HP: 15/15 MP: 5/8
   817 | D:2      | Reached skill level 4 in Spellcasting
   951 | D:2      | Reached XP level 3. HP: 19/19 MP: 8/10
   955 | D:2      | Learned a level 3 spell: Stone Arrow
  1775 | D:3      | Reached skill level 1 in Conjurations
  1775 | D:3      | Reached XP level 4. HP: 23/24 MP: 8/12
  1988 | D:3      | Identified the +6 whip of the Vestibule of Hell {drain,
                  | rElec rPois Int-3}
  2068 | D:3      | Reached skill level 5 in Spellcasting
  2662 | D:4      | Reached XP level 5. HP: 27/28 MP: 3/14
  3019 | D:4      | Noticed Duvessa
  3020 | D:4      | Noticed Dowan
  3030 | D:4      | Killed from afar by Dowan

Illustrated notes

Levels and vault maps discovered:
D:1:      spicycebolla_arrival_ecumenical, layout_basic
D:2:      layout_basic, due_unseen_surprise
D:3:      layout_basic, roderic_roman_lattice, chequers_serial_rivers_small_b
D:4:      layout_rooms, uniq_duvessa, uniq_sigmund

Skill      XL: |  1  2  3  4  5 |
---------------+----------------+-----
Spellcasting   | 4 5 |  5.9
Earth Magic    | 4 |  4.6
Conjurations   | 1 2 3 |  3.0
Dodging        | |  2.4
Stealth        | |  2.4
Transmutations | |  1.1

Action                     |  1- 3 |  4- 6 || total
---------------------------+-------+-------++-------
  Melee: Short sword       |     6 |       ||     6
         Whip              |       |     6 ||     6
         Hand axe          |       |     1 ||     1
   Cast: Sandblast         |    51 |    37 ||    88
         Stone Arrow       |       |    12 ||    12
 Armour: Robe              |    20 |    13 ||    33
  Dodge: Dodged            |    20 |    24 ||    44

Table legend: (Time is in decaauts)
 A = Elapsed time spent in this place.
 B = Non-inter-level travel time spent in this place.
 C = Inter-level travel time spent in this place.
 D = Time resting spent in this place.
 E = Time spent auto-exploring this place.
 F = Levels seen in this place.
 G = Mean time per level.
                   A        B        C        D        E       F      G
               +--------+--------+--------+--------+--------+-----+--------+
         Total |   3072 |   2952 |    120 |    272 |   2274 |   4 |  768.0 |
       Dungeon |   3072 |   2952 |    120 |    272 |   2274 |   4 |  768.0 |
               +--------+--------+--------+--------+--------+-----+--------+

Top non-repeatable levels by time:
     D:2: 1043 daAuts
     D:3: 890 daAuts
     D:1: 725 daAuts
     D:4: 413 daAuts
